[Event "Czech Open-Rapid 2022"]
[Site "Pardubice"]
[Date "2022.07.21"]
[Round "7.25"]
[White "Jonsson, Gauti Pall"]
[Black "Brozka, Karel"]
[Result "0-1"]
[ECO "B10"]
[WhiteElo "2071"]
[BlackElo "2188"]
[Annotator "RC"]
[PlyCount "126"]
[EventDate "2022.07.20"]
[EventType "swiss"]
[EventCountry "CZE"]
[SourceTitle "playchess.com"]
[Source "ChessBase"]
[SourceQuality "1"]
[TimeControl "1200+10"]

1. e4 c6 2. Nc3 d5 3. Nf3 dxe4 4. Nxe4 Nf6 5. Qe2 Nxe4 6. Qxe4 Nd7 7. Bc4 Nf6 8. Ne5 e6 9. Qe2 Bd6 10. O-O O-O 11. d4 Qc7 12. Bg5 Nd7 13. Nxf7 Rxf7 14. Bxe6 Bxh2+ 15. Kh1 Bd6 16. Bxf7+ Kxf7 17. Rae1 Nf6 18. Bxf6 Kxf6 19. Qf3+ Kg6 20. g4 Bd7 21. Qe4+ Kf7 22. Qxh7 Qa5 23. f3 Qd5 24. Re4 Re8 25. c4 Qg5 26. Kg2 Qd2+ 27. Rf2 Qg5 28. Rxe8 Bxe8 29. Re2 Bd7 30. c5 Bc7 31. Kf2 Qf4 32. Qe4 Qg3+ 33. Kf1 Qh3+ 34. Ke1 Qh4+ 35. Kd1 Qf6 36. b3 Be6 37. Kc2 Bf4 38. Kc3 Bc7 39. Re1 Ba5+ 40. b4 Bc7 41. g5 Qf5 42. g6+ Kf6 43. Qh4+ Kxg6 44. Rg1+ Kf7 45. Qf2 Bd5 46. Qe3 Bf4 47. Qe2 Bxf3 48. Qf2 Bd5 49. Rf1 Qh3+ 50. Kb2 g5 51. Qe2 Qh8 52. Kc3 Qh3+ 53. Kb2 Qg2 54. Rf2 Qe4 55. Qh5+ Kg7 56. Qd1 Be3 57. Re2 Qxd4+ 58. Qxd4+ Bxd4+ 59. Kc2 g4 60. Kd3 Bf6 61. Ke3 g3 62. Kf4 g2 63. Re1 Bd4 0-1

[Event "Czech Open-Rapid 2022"]
[Site "Pardubice"]
[Date "2022.07.21"]
[Round "7.26"]
[White "Tolmacevs, Artjoms"]
[Black "Babula, Vlastimil jr"]
[Result "0-1"]
[ECO "B66"]
[WhiteElo "2022"]
[BlackElo "2039"]
[Annotator "TA"]
[PlyCount "70"]
[EventDate "2022.07.20"]
[EventType "swiss"]
[EventCountry "CZE"]
[SourceTitle "playchess.com"]
[Source "ChessBase"]
[SourceQuality "1"]
[TimeControl "1200+10"]

1. e4 c5 2. Nf3 d6 3. d4 cxd4 4. Nxd4 Nf6 5. Nc3 Nc6 6. Bg5 e6 7. Qd2 a6 8. O-O-O Be7 9. f3 {[%emt 0:00:51] B66: Sicilian: Richter-Rauzer: 7...a6 8 0-0-0 h6.} Qc7 10. Kb1 b5 11. Nxc6 {[%emt 0:03:15] White is slightly better.} Qxc6 {[%emt 0:00:08] [#]} 12. e5 $146 (12. h4 $14) ({Predecessor:} 12. Bd3 Bb7 13. h4 h6 14. Be3 Rc8 15. g4 Nd7 16. g5 Ne5 17. gxh6 gxh6 18. f4 {1-0 (52) Ladron de Guevara Pinto,P (2414)-Buendia Pinar,A (2307) Linares 2017}) 12... dxe5 $15 13. Ne4 Bb7 14. Nxf6+ (14. Bxf6 $11 Bxf6 15. Nd6+ Kf8 16. Nxb7 Qxb7 17. Bd3) 14... gxf6 15. Bh6 Rd8 16. Bd3 {[%emt 0:00:05] Black must now prevent Bg7.} Rg8 {[%emt 0:00:44] Inhibits Bg7.} 17. Qe2 Qc7 $36 {[%emt 0:02:15][%mdl 2048] Black has some pressure.} 18. Rhe1 f5 19. a4 (19. g4 $1 $11 {keeps the balance.}) 19... bxa4 {[%emt 0:01:57] Hoping for ...Bf6. Black is more active.} 20. Bxa6 Bd6 21. h4 (21. Bxb7 $1 $15 Qxb7 22. Bc1) 21... Ke7 22. g4 Bxa6 23. Qxa6 fxg4 {[%emt 0:00:31] Really sharp!} 24. fxg4 {[%emt 0:00:13] [#]} Rxg4 (24... a3 $1 $17 {[%cal Ra3b2] Strongly threatening ...axb2.} 25. Re3 (25. Bg5+ $2 f6 $19) 25... Ra8 26. Bg5+ f6 27. Bxf6+ Kxf6 28. Qxd6 Qxd6 29. Rxd6 a2+ 30. Ka1 Rxg4) 25. Rf1 $11 f6 {[%emt 0:00:35] Inhibits Bg5.} 26. h5 $2 (26. Rg1 $1 $11 Qc4 27. Qxc4 Rxc4 28. Rg7+ Ke8 29. Rxh7 (29. Rg8+ Ke7 $14)) 26... a3 {[%emt 0:00:40] And now ...axb2 would win.} ({Weaker is} 26... Rc8 {[#]} 27. Rxd6 $1 Qxc2+ 28. Ka1 $16) 27. Qe2 $2 (27. Rd3) 27... Rdg8 {[%emt 0:00:47] aiming for ...Rb4.} 28. b3 (28. Qa6 $19 f5 29. Rd3) 28... Qc3 29. Kc1 Qb2+ 30. Kd2 Bb4+ 31. Ke3 Bc5+ 32. Kd2 Bb4+ 33. Ke3 Qc3+ {[%emt 0:00:02] Black mates.} 34. Qd3 Bc5+ 35. Kf3 e4+ {[%emt 0:00:13] Weighted Error Value: White=0.99/Black=0.33} 0-1

[Event "Czech Open-Rapid 2022"]
[Site "Pardubice"]
[Date "2022.07.21"]
[Round "7.27"]
[White "Dolensky, Filip"]
[Black "Bertram, Karsten"]
[Result "1-0"]
[ECO "A06"]
[WhiteElo "2051"]
[BlackElo "2062"]
[Annotator "NA RC"]
[PlyCount "97"]
[EventDate "2022.07.20"]
[EventType "swiss"]
[EventCountry "CZE"]
[SourceTitle "playchess.com"]
[Source "ChessBase"]
[SourceQuality "1"]
[TimeControl "1200+10"]

1. Nf3 d5 2. g3 Nc6 3. d4 Bf5 4. Bg2 Qd7 5. c4 dxc4 6. O-O Bh3 7. Qa4 Bxg2 8. Kxg2 O-O-O 9. Qxc4 e6 10. Nc3 Nf6 11. Bf4 Nd5 12. Nxd5 exd5 13. Qa4 f6 14. Rac1 g5 15. Bd2 Kb8 16. b4 Ne7 17. Qc2 h5 18. h4 g4 19. Ne1 Nf5 20. Qc3 Nd6 21. Bf4 Bh6 22. Nd3 Bxf4 23. Nxf4 Ne4 24. Qd3 f5 25. e3 Rh6 26. Rc2 Qa4 27. Rfc1 c6 28. b5 Qxb5 29. Qxb5 cxb5 30. Nxd5 Ra6 31. Ne7 Nd6 32. Kf1 Ra4 33. Ke2 Rc4 34. Kd3 a6 35. Ng6 Rdc8 36. Ne5 Rxc2 37. Rxc2 Rxc2 38. Kxc2 Ne4 39. Ng6 Kc7 40. Ne7 Nxf2 41. Nxf5 Nh1 42. e4 a5 43. d5 b4 44. e5 Nf2 45. e6 Ne4 46. Kd3 Nf6 47. d6+ Kd8 48. Kc4 b6 49. Kb5 1-0

[Event "Czech Open-Rapid 2022"]
[Site "Pardubice"]
[Date "2022.07.21"]
[Round "7.28"]
[White "Sosnik, Sebastian"]
[Black "Freibergs, Andrejs"]
[Result "1/2-1/2"]
[ECO "C03"]
[WhiteElo "2255"]
[BlackElo "1574"]
[Annotator "TA"]
[PlyCount "121"]
[EventDate "2022.07.20"]
[EventType "swiss"]
[EventCountry "CZE"]
[SourceTitle "playchess.com"]
[Source "ChessBase"]
[SourceQuality "1"]
[TimeControl "1200+10"]

1. e4 e6 2. d4 d5 3. Nd2 Be7 4. Bd3 c5 5. dxc5 Bxc5 6. Ngf3 {[%emt 0:00:11] C03: French Tarrasch: Unusual Black 3rd moves.} Nc6 7. O-O Nf6 8. e5 {[%emt 0:04:22] White is slightly better.} Ng4 9. Qe2 Qc7 10. Nb3 Bb6 11. Bf4 {[%emt 0:00:27] [#]} h5 $146 (11... f6 $14) ({Predecessor:} 11... f6 12. Bb5 O-O 13. Bxc6 bxc6 14. h3 Nxe5 15. Nxe5 fxe5 16. Bxe5 Qe7 17. Nd4 Bd7 {1-0 (61) Blagojevic,T (2315)-Bellaiche,E (2154) Porto Carras 2015}) 12. c3 (12. h3 $16) 12... Bd7 (12... f6 $14) 13. h3 $36 {[%emt 0:00:08][%mdl 2048] Keeping Black busy.} Nh6 14. Nbd4 a6 15. Rac1 {[%emt 0:00:59] 0x0.0024873fc623dp-1022s more active pieces.} Ne7 (15... Nxd4 $16 16. cxd4 Bc6) 16. c4 $18 Bc6 17. c5 Ba7 (17... Ba5 $16 18. Rfd1 Qd7) 18. b4 Bb8 19. Ng5 Nhf5 (19... g6 $142 20. Ngf3 Nhf5) 20. Bxf5 Nxf5 21. Nxf5 exf5 22. g3 Bb5 {[%emt 0:00:46] [#]} 23. Qe3 {[%emt 0:00:43][%cal Oe5e6] And now e6! would win.} Bxf1 {[%emt 0:00:03] [#]} (23... O-O $142) (23... Qd7 24. Rfe1) 24. e6 $1 Qe7 {[%emt 0:00:18] aiming for ...Bxf4.} 25. exf7+ ({Not} 25. Kxf1 fxe6 26. Nxe6 Kf7 $14) 25... Kd7 $2 (25... Kf8) 26. Kxf1 $2 (26. c6+ $18 {is the precise move to win.} bxc6 27. Qb6) 26... Qxe3 $16 27. fxe3 Bxf4 (27... Ke7 $16) 28. exf4 $18 {[%emt 0:00:27][%mdl 4096] Endgame KRR-KRN} h4 29. Rd1 g6 $2 ({Less strong is} 29... hxg3 30. Rxd5+ Ke7 31. Rxf5) (29... Kc6) 30. Rxd5+ Ke7 31. Re5+ Kf6 (31... Kd7 $142 32. Re6 Rab8 33. Rxg6 Ke7 34. gxh4 Rxh4) 32. Re6+ Kg7 33. Re7 Rab8 34. gxh4 Rxh4 35. Ne6+ Kf6 36. f8=Q+ Rxf8 37. Nxf8 Rxf4+ {[%emt 0:00:01] KRN-KR} 38. Kg2 Rxb4 39. Re2 Kf7 (39... g5 $142 40. Nd7+ Kf7 41. Ne5+ Kf6 42. Nd7+ Kf7) 40. Ne6 Rc4 41. Kf3 $2 (41. Nd8+ Kf6 42. Re6+ Kg5 43. Nxb7) 41... Kf6 (41... Rc3+ {keeps fighting.} 42. Kg2 Kf6) 42. Nf8 {[%emt 0:00:17] Black must now prevent Nd7+.} Rc3+ (42... Kf7 {might work better.}) 43. Re3 Rc2 44. a3 Kf7 45. Nd7 Rd2 46. Ne5+ Kf6 47. Nd3 g5 48. Nb4 a5 {[%emt 0:00:17] [#]} 49. Nd3 (49. Rd3 $1 $18 Rh2 50. Kg3) 49... f4 $11 {[%emt 0:00:02] The position is equal.} 50. Nxf4 gxf4 51. Kxf4 {[%emt 0:00:01] KR-KR} Rc2 52. Rb3 Rc4+ 53. Kg3 Rxc5 54. Rb6+ Kg5 55. a4 Rc3+ 56. Kg2 Rc2+ 57. Kf3 Rc3+ 58. Kg2 Rc2+ 59. Kf3 Rc4 60. Rb5+ Kh4 61. Kg2 {White really could win this.  Weighted Error Value: White=0.36/Black=0.38} 1/2-1/2

[Event "Czech Open-Rapid 2022"]
[Site "Pardubice"]
[Date "2022.07.21"]
[Round "7.29"]
[White "Kuznecova, Marija"]
[Black "Vokoun, Jan"]
[Result "1-0"]
[ECO "C41"]
[WhiteElo "1755"]
[BlackElo "2056"]
[Annotator "NA RC"]
[PlyCount "57"]
[EventDate "2022.07.20"]
[EventType "swiss"]
[EventCountry "CZE"]
[SourceTitle "playchess.com"]
[Source "ChessBase"]
[SourceQuality "1"]
[TimeControl "1200+10"]

1. e4 d6 2. d4 Nf6 3. Nc3 e5 4. Nf3 Nbd7 5. Be2 c6 6. a4 a5 7. h4 Be7 8. Be3 Qc7 9. Qd2 Ng4 10. O-O-O Nxe3 11. Qxe3 Nb6 12. dxe5 dxe5 13. Nxe5 Qxe5 14. Qxb6 O-O 15. Bc4 Bxh4 16. g3 Be7 17. f4 Qc5 18. Qb3 Qb4 19. Qa2 Bg4 20. Rdf1 Bc5 21. Rh4 h5 22. Be2 Bd4 23. Bxg4 Bxc3 24. bxc3 Qxc3 25. Rxh5 Qxg3 26. Rfh1 Qxf4+ 27. Kb1 g6 28. Rh8+ Kg7 29. Qb2+ 1-0

[Event "Czech Open-Rapid 2022"]
[Site "Pardubice"]
[Date "2022.07.21"]
[Round "7.30"]
[White "Franc, Lubor"]
[Black "Schatz, Christian"]
[Result "0-1"]
[ECO "B32"]
[WhiteElo "1747"]
[BlackElo "2137"]
[Annotator "NA RC"]
[PlyCount "70"]
[EventDate "2022.07.20"]
[EventType "swiss"]
[EventCountry "CZE"]
[SourceTitle "playchess.com"]
[Source "ChessBase"]
[SourceQuality "1"]
[TimeControl "1200+10"]

1. e4 c5 2. Nf3 Nc6 3. d4 cxd4 4. Nxd4 g6 5. g3 Bg7 6. Nb3 Nf6 7. Bg2 O-O 8. O-O d6 9. h3 Be6 10. Nc3 Rc8 11. Nd5 a5 12. a4 Nb4 13. c3 Nbxd5 14. exd5 Bf5 15. Nd4 Be4 16. Bxe4 Nxe4 17. Be3 Qd7 18. Kg2 Nf6 19. Qb3 Rc5 20. c4 Rcc8 21. Rac1 Ne4 22. Qb5 Nc5 23. Qxd7 Nxd7 24. b3 Nc5 25. Rb1 Rfe8 26. Nb5 Ne4 27. f3 Nc3 28. Nxc3 Bxc3 29. Kf2 e6 30. dxe6 Rxe6 31. Rfd1 Rce8 32. Rd3 Bb4 33. Rb2 Be1+ 34. Ke2 Bxg3 35. Kd2 Rxe3 0-1

[Event "Czech Open-Rapid 2022"]
[Site "Pardubice"]
[Date "2022.07.21"]
[Round "7.31"]
[White "Hrabal, Matej"]
[Black "Polak, Benedikt"]
[Result "0-1"]
[ECO "B42"]
[WhiteElo "1950"]
[BlackElo "2120"]
[Annotator "NA RC"]
[PlyCount "58"]
[EventDate "2022.07.20"]
[EventType "swiss"]
[EventCountry "CZE"]
[SourceTitle "playchess.com"]
[Source "ChessBase"]
[SourceQuality "1"]
[TimeControl "1200+10"]

1. e4 c5 2. Nf3 e6 3. d4 cxd4 4. Nxd4 a6 5. Bd3 Bc5 6. Nb3 Be7 7. O-O d6 8. Be3 Nf6 9. c4 b6 10. Nc3 Bb7 11. f3 O-O 12. Nd4 Nbd7 13. Rc1 Rc8 14. b3 Qc7 15. Qe2 Rfe8 16. Rfd1 Qb8 17. Qf2 d5 18. cxd5 exd5 19. Nxd5 Bxd5 20. Rxc8 Qxc8 21. exd5 Nxd5 22. Bc1 Bc5 23. Bf5 Nc3 24. Rd2 Ne2+ 25. Rxe2 Bxd4 26. Qxd4 Rxe2 27. Bg5 Qc5 28. Qxc5 Nxc5 29. b4 Ne6 0-1

[Event "Czech Open-Rapid 2022"]
[Site "Pardubice"]
[Date "2022.07.21"]
[Round "7.32"]
[White "Stocek, Martin"]
[Black "Ptacek, Lubos"]
[Result "1-0"]
[ECO "D15"]
[WhiteElo "1851"]
[BlackElo "2049"]
[Annotator "NA RC"]
[PlyCount "55"]
[EventDate "2022.07.20"]
[EventType "swiss"]
[EventCountry "CZE"]
[SourceTitle "playchess.com"]
[Source "ChessBase"]
[SourceQuality "1"]
[TimeControl "1200+10"]

1. d4 d5 2. c4 c6 3. Nc3 Nf6 4. Nf3 Nbd7 5. cxd5 cxd5 6. Bf4 e6 7. e3 Bb4 8. Bd3 O-O 9. O-O b6 10. Nb5 Bb7 11. a3 Be7 12. Bc7 Qe8 13. Nd6 Bxd6 14. Bxd6 Ne4 15. Bxf8 Qxf8 16. Rc1 Ndf6 17. Ne5 Qd6 18. b4 Qe7 19. Qc2 Ne8 20. Nc6 Qd6 21. b5 Qxa3 22. Ra1 Qd6 23. Nxa7 N4f6 24. Nc6 Rc8 25. Rfc1 g6 26. Ra7 Bxc6 27. bxc6 e5 28. c7 1-0

[Event "Czech Open-Rapid 2022"]
[Site "Pardubice"]
[Date "2022.07.21"]
[Round "7.33"]
[White "Maklakova, Naomi"]
[Black "Laith, Kasib"]
[Result "1/2-1/2"]
[ECO "A48"]
[WhiteElo "1548"]
[BlackElo "2079"]
[Annotator "NA RC"]
[PlyCount "121"]
[EventDate "2022.07.20"]
[EventType "swiss"]
[EventCountry "CZE"]
[SourceTitle "playchess.com"]
[Source "ChessBase"]
[SourceQuality "1"]
[TimeControl "1200+10"]

1. d4 Nf6 2. Nf3 g6 3. c3 Bg7 4. Bg5 h6 5. Bxf6 Bxf6 6. e4 d6 7. Bd3 Bg7 8. O-O Nd7 9. Nbd2 e5 10. Nb3 O-O 11. Qc2 c5 12. dxc5 Nxc5 13. Nxc5 dxc5 14. Rad1 Qa5 15. Bc4 Bg4 16. Qe2 Rad8 17. h3 Bd7 18. Bd5 Bb5 19. c4 Ba6 20. Qc2 b5 21. Nd2 b4 22. Nb3 Qb6 23. Rd3 Bf6 24. Rfd1 Kg7 25. Qe2 Bc8 26. Qe3 Be7 27. f4 exf4 28. Qxf4 a5 29. Kh1 a4 30. Nc1 Bg5 31. Qf3 Qf6 32. b3 Qxf3 33. Rxf3 f5 34. e5 Be6 35. Rfd3 Kf7 36. Bxe6+ Kxe6 37. Rxd8 Rxd8 38. Rxd8 Bxd8 39. Nd3 axb3 40. axb3 Be7 41. g4 fxg4 42. hxg4 h5 43. Nf4+ Kf7 44. gxh5 gxh5 45. Nxh5 Ke6 46. Nf4+ Kxe5 47. Ng6+ Kd4 48. Nxe7 Kc3 49. Kg2 Kxb3 50. Kf2 Kxc4 51. Ke2 Kc3 52. Nd5+ Kc2 53. Ne3+ Kc3 54. Nd1+ Kc2 55. Ne3+ Kc1 56. Kd3 b3 57. Nc4 Kb1 58. Kc3 Ka2 59. Nb2 Ka3 60. Nc4+ Ka2 61. Nb2 1/2-1/2

[Event "Czech Open-Rapid 2022"]
[Site "Pardubice"]
[Date "2022.07.21"]
[Round "7.34"]
[White "Juchelka, Marek"]
[Black "Kovalskyi, Roman"]
[Result "0-1"]
[ECO "B27"]
[WhiteElo "1803"]
[BlackElo "2056"]
[Annotator "NA RC"]
[PlyCount "78"]
[EventDate "2022.07.20"]
[EventType "swiss"]
[EventCountry "CZE"]
[SourceTitle "playchess.com"]
[Source "ChessBase"]
[SourceQuality "1"]
[TimeControl "1200+10"]

1. e4 c5 2. Nf3 g6 3. c3 d5 4. exd5 Qxd5 5. d4 Bg7 6. Be3 cxd4 7. Nxd4 Nf6 8. Bb5+ Bd7 9. Bxd7+ Nbxd7 10. O-O O-O 11. h3 Rfd8 12. Nd2 Nb6 13. Qb3 Rac8 14. Rac1 Qxb3 15. N4xb3 Nfd5 16. Bd4 e5 17. Bxb6 Nxb6 18. Ne4 Nc4 19. Rc2 b6 20. Nbd2 Na5 21. f4 exf4 22. Rxf4 Bh6 23. Rh4 Be3+ 24. Kf1 f5 25. Ke2 Bxd2 26. Nxd2 Re8+ 27. Kf2 Nb7 28. Rd4 Nc5 29. Nc4 Ne6 30. b3 Nxd4 31. cxd4 b5 32. Na3 Rxc2+ 33. Nxc2 Rc8 34. Na3 a6 35. Ke3 Kf7 36. Kf4 Kf6 37. g4 g5+ 38. Kf3 Rc3+ 39. Kg2 f4 0-1

[Event "Czech Open-Rapid 2022"]
[Site "Pardubice"]
[Date "2022.07.21"]
[Round "7.35"]
[White "Chrz, Pavel"]
[Black "Lihotsky, Lukas"]
[Result "1/2-1/2"]
[ECO "B10"]
[WhiteElo "1986"]
[BlackElo "1935"]
[Annotator "TA"]
[PlyCount "62"]
[EventDate "2022.07.20"]
[EventType "swiss"]
[EventCountry "CZE"]
[SourceTitle "playchess.com"]
[Source "ChessBase"]
[SourceQuality "1"]
[TimeControl "1200+10"]

1. e4 c6 2. c4 d5 3. exd5 cxd5 4. cxd5 Nf6 5. Qa4+ Nbd7 6. Nc3 g6 7. Bc4 Bg7 8. d3 {[%emt 0:00:08] B10: Caro-Kann: 2 d3 and 2 c4.} O-O 9. Nf3 a6 10. Qa3 {[%emt 0:00:04] The position is equal.} Nb6 11. Qb3 Nbd7 {[%emt 0:02:20] Hoping for ...b5.} 12. a4 {[%emt 0:00:19] Inhibits b5.} Nc5 13. Qa3 Qc7 ({Black should play} 13... b6) 14. Be3 $1 $16 {[%emt 0:00:22] [#]} Ncd7 $146 ({Predecessor:} 14... Nfd7 15. O-O b6 16. Rac1 Ne5 17. Nxe5 Bxe5 18. f4 Bd6 19. b4 Nb7 20. Qb2 Qd8 {1-0 (53) Vykouk,J (2051)-Dobrovoljc,V (1787) Budva 2013}) 15. Qxe7 {[%emt 0:01:22] White is more active.} Ng4 (15... Re8 $142 16. d6 Rxe7 17. dxc7 Nf8) 16. O-O {[%emt 0:01:00] Strongly threatening d6.} Nge5 (16... Bf6 $142 17. d6 Qb8) 17. Nxe5 $18 Bxe5 18. Bh6 (18. Ne4 $142) 18... Bxh2+ 19. Kh1 Bd6 20. Qe2 ({Better is} 20. Qg5 $18) 20... Rd8 $2 (20... Qd8 $1 $11 {and Black has nothing to worry.} 21. Qe3 Ne5) 21. Ne4 Re8 {[%emt 0:01:58] ...f5 is the strong threat.} 22. Qf3 Re5 {[%emt 0:01:55] aiming for ...Rh5+.} 23. g4 $40 {[%emt 0:01:32][%mdl 128] Prevents Rh5+. White attacks.} ({Stronger than} 23. Ng5 Rf5 24. Qe3 Nf6 $11) ({But not} 23. Nf6+ $2 Nxf6 24. g3 Rh5+ 25. Kg2 Bh3+ 26. Kg1 Bg4 $1 27. Qxf6 Be5 $19) (23. Nxd6 $18 Qxd6 24. Bf4) 23... f5 (23... Rxe4 $1 $14 24. Qxe4 Nf6) 24. gxf5 Rxf5 {[%emt 0:00:09] [#]} 25. Qxf5 gxf5 26. Rg1+ Kf7 (26... Kh8 $2 27. Bg7+ Kg8 28. Be5+ Kf7 29. Nxd6+ Kf8 30. Bf4) 27. Rg7+ Ke8 28. Ng5 (28. Rg8+ $18 Bf8 29. Ng5) 28... Qc5 $2 (28... Qa5 $11) 29. Re1+ Ne5 30. Rg8+ $4 (30. Nf7 $18 {is the narrow road to win.} Qb4 31. Re2) 30... Ke7 $4 {[%emt 0:00:43][%mdl 8192] [#]} (30... Kd7 $19 31. Rg7+ Kd8 32. Rxe5 Bxe5 33. Nf7+ Ke8 34. Nxe5 Qxf2 35. Rg8+ Ke7 36. Bf8+ Kf6 37. Bg7+ Ke7) 31. Rg7+ $4 (31. Rxe5+ $1 $18 {[%mdl 512] was the only winning move.} Bxe5 32. Bf8+ Kf6 33. Bxc5) 31... Ke8 $4 {[%emt 0:00:59][%mdl 40960] Weighted Error Value: White=0.97/Black=0.93. An unexpected result.} (31... Kd8 $19 {and life is good for Black.} 32. Rxe5 Bxe5 33. Nf7+ Ke8 34. Nxe5 Qxf2 35. Rg8+ Ke7 36. Bf8+ Kf6 37. Bg7+ Kg5 38. Bf6+ Kxf6 39. Ng4+ Kf7 40. Nxf2 Kxg8) 1/2-1/2

[Event "Czech Open-Rapid 2022"]
[Site "Pardubice"]
[Date "2022.07.21"]
[Round "7.36"]
[White "Maul, Maik"]
[Black "Danek, Pavel"]
[Result "1-0"]
[ECO "A40"]
[WhiteElo "1568"]
[BlackElo "1851"]
[Annotator "NA RC COMBH"]
[PlyCount "55"]
[EventDate "2022.07.20"]
[EventType "swiss"]
[EventCountry "CZE"]
[SourceTitle "playchess.com"]
[Source "ChessBase"]
[SourceQuality "1"]
[TimeControl "1200+10"]

1. d4 e6 2. Nc3 d5 3. Bf4 c6 4. e3 f5 5. f3 Nf6 6. e4 fxe4 7. fxe4 dxe4 8. Bc4 Be7 9. Nge2 O-O 10. O-O Nd5 11. Nxe4 Nd7 12. Qd2 N7f6 13. Nxf6+ Bxf6 14. Be5 Nb6 15. Bxf6 Rxf6 16. Bb3 Rxf1+ 17. Rxf1 c5 18. Qf4 Qe7 19. dxc5 Qxc5+ 20. Kh1 Qe7 21. Nd4 Bd7 22. Re1 Rf8 23. Qe4 Qf6 24. h3 Nd5 25. Nxe6 Bxe6 26. Qxe6+ Qxe6 27. Rxe6 Nb6 28. Re8+ 1-0

[Event "Czech Open-Rapid 2022"]
[Site "Pardubice"]
[Date "2022.07.21"]
[Round "7.37"]
[White "Jelinek, Ctibor"]
[Black "Chubar, Vladimir"]
[Result "0-1"]
[ECO "C00"]
[WhiteElo "1362"]
[BlackElo "1809"]
[Annotator "NA RC COMBH"]
[PlyCount "34"]
[EventDate "2022.07.20"]
[EventType "swiss"]
[EventCountry "CZE"]
[SourceTitle "playchess.com"]
[Source "ChessBase"]
[SourceQuality "1"]
[TimeControl "1200+10"]

1. e4 e6 2. Nf3 d5 3. e5 c5 4. c3 Nc6 5. d4 Qb6 6. a4 Nh6 7. Bb5 Nf5 8. g4 Nfe7 9. Be3 cxd4 10. Bxd4 Qc7 11. Qd2 Bd7 12. Qe3 h5 13. g5 Nf5 14. Qd2 g6 15. h4 Rc8 16. Na3 Nfxd4 17. cxd4 Bb4 0-1

[Event "Czech Open-Rapid 2022"]
[Site "Pardubice"]
[Date "2022.07.21"]
[Round "7.38"]
[White "Shystarova, Svitlana"]
[Black "Rakshan V M"]
[Result "1-0"]
[ECO "B06"]
[WhiteElo "1836"]
[BlackElo "1098"]
[Annotator "NA RC COMBH"]
[PlyCount "37"]
[EventDate "2022.07.20"]
[EventType "swiss"]
[EventCountry "CZE"]
[SourceTitle "playchess.com"]
[Source "ChessBase"]
[SourceQuality "1"]
[TimeControl "1200+10"]

1. e4 g6 2. d4 Bg7 3. Nf3 d6 4. Bc4 Bg4 5. Bxf7+ Kf8 6. Bxg8 Kxg8 7. h3 Bxf3 8. gxf3 Nc6 9. Be3 h6 10. Qd3 Kh7 11. h4 e5 12. d5 h5 13. dxc6 bxc6 14. Nd2 Rf8 15. O-O-O a5 16. Rdg1 a4 17. a3 d5 18. exd5 cxd5 19. Qxg6+ 1-0

[Event "Czech Open-Rapid 2022"]
[Site "Pardubice"]
[Date "2022.07.21"]
[Round "7.39"]
[White "Contos, Vaclav sr"]
[Black "Savitha Shri B"]
[Result "1-0"]
[ECO "E81"]
[WhiteElo "2074"]
[BlackElo "2278"]
[Annotator "TA"]
[PlyCount "78"]
[EventDate "2022.07.20"]
[EventType "swiss"]
[EventCountry "CZE"]
[SourceTitle "playchess.com"]
[Source "ChessBase"]
[SourceQuality "1"]
[TimeControl "1200+10"]

1. d4 Nf6 2. c4 g6 3. f3 Bg7 4. e4 d6 5. Nc3 O-O 6. Nge2 Nbd7 7. Be3 e5 8. d5 Ne8 9. Qd2 f5 10. O-O-O {[%emt 0:00:22] White is more active.} f4 {[%emt 0:00:02] E87: King's Indian: Sämisch: 6...e5 7 d5.} 11. Bf2 a5 12. Kb1 Nc5 {[%emt 0:00:14] White is slightly better.} 13. Nc1 Bd7 14. Nd3 b6 15. Be2 {[%emt 0:00:13] [#]} Rb8 $146 ({Predecessor:} 15... Nxd3 16. Bxd3 Kh8 17. Bc2 Bf6 18. g3 Bg5 19. Qe2 Ng7 20. Be1 Be7 21. Ba4 Bxa4 22. Nxa4 {½-½ (45) Boleslavsky,I-Troianescu,O Bucharest 1953}) 16. g3 fxg3 17. hxg3 Qe7 (17... Nxd3 $142 18. Qxd3 Bf6) 18. Rh2 Nf6 19. g4 Rf7 20. Be3 Qf8 21. Rdh1 Bh8 22. Bh6 Qe7 23. Be3 $2 ({Better is} 23. Nf2 $16) 23... Na4 $2 (23... Qf8 $1 $11) 24. Nxa4 $18 Bxa4 25. Bg5 Bd7 26. Qc1 Qe8 27. Rh4 c6 28. R1h2 b5 29. cxb5 ({White should play} 29. Bxf6 $16 Bxf6 30. g5) 29... cxd5 $11 30. Bxf6 Bxf6 31. g5 Bd8 32. Nf2 $2 (32. Qh1 $11 Qe7 33. Nf2) 32... Bxb5 33. Bxb5 (33. Ng4 {was worth a try.} Kh8 34. Bd1) 33... Qxb5 $19 ({Inferior is} 33... Rxb5 34. exd5 Rc5 35. Qe3 $17) 34. Ng4 (34. a4 $142 Qa6 35. Ng4 Qd3+ 36. Qc2 Qxc2+ 37. Rxc2 Rxf3 38. exd5) 34... Qd3+ 35. Ka1 {[#] Strongly threatening Nh6+.} Bxg5 36. Qh1 (36. Qb1 Qxb1+) 36... Rxf3 {[%emt 0:00:26] ( -> ...Rf1+)} 37. Nf2 Rxf2 38. Rxf2 Bxh4 39. Rh2 {[%emt 0:00:28] [#]} Rf8 $1 {[%emt 0:01:00][%mdl 32768] What a bad dream for White.  Weighted Error Value: White=0.92/Black=0.25 (precise) . Loss on time!?} 1-0

[Event "Czech Open-Rapid 2022"]
[Site "Pardubice"]
[Date "2022.07.21"]
[Round "7.40"]
[White "Lev, Lukas"]
[Black "Zdrazil, Tomas"]
[Result "1/2-1/2"]
[ECO "A05"]
[WhiteElo "1679"]
[BlackElo "2122"]
[Annotator "NA RC"]
[PlyCount "119"]
[EventDate "2022.07.20"]
[EventType "swiss"]
[EventCountry "CZE"]
[SourceTitle "playchess.com"]
[Source "ChessBase"]
[SourceQuality "1"]
[TimeControl "1200+10"]

1. Nf3 Nf6 2. g3 g6 3. Bg2 Bg7 4. O-O O-O 5. d3 c5 6. e4 Nc6 7. Nc3 d6 8. Bd2 Rb8 9. Qc1 Re8 10. a4 a6 11. Nd1 d5 12. exd5 Nxd5 13. Ne3 e6 14. Ra3 b6 15. Bc3 Nxc3 16. bxc3 Bb7 17. Qd2 Na5 18. Re1 Bh6 19. Qd1 Qc7 20. Nd2 Bxg2 21. Kxg2 Qc6+ 22. Qf3 Qxf3+ 23. Kxf3 Bg7 24. Rb1 Rb7 25. Ndc4 Nxc4 26. Nxc4 Reb8 27. Rab3 f5 28. Rxb6 Rxb6 29. Rxb6 Rxb6 30. Nxb6 Bxc3 31. Nd7 Bd4 32. c3 Bxc3 33. Nxc5 a5 34. Nxe6 Kf7 35. Nc7 Bd4 36. Nb5 Bb6 37. Nd6+ Ke6 38. Nc4 Bc7 39. Nd2 Kd5 40. Nb3 Bb6 41. Kg2 g5 42. h4 gxh4 43. gxh4 h5 44. Kf3 Ke5 45. d4+ Kd5 46. Kf4 Kc4 47. Nxa5+ Bxa5 48. Kxf5 Be1 49. f3 Bxh4 50. a5 Bf2 51. a6 Bxd4 52. Kg5 Kd5 53. Kxh5 Ke6 54. Kg6 Ke7 55. f4 Kf8 56. f5 Be3 57. Kf6 Bf2 58. Ke6 Bg1 59. Kd7 Kf7 60. Kc6 1/2-1/2